 Dungeon Crawl Stone Soup version 0.31-a0-1603-gbec6b6ccbf (webtiles) character file.

Game seed: 5877878141175768954

785 Laraso the Ruffian (level 7, 30/52 HPs)
             Began as a White Draconian Shapeshifter on Jan 8, 2024.
             Quit the game on level 7 of the Dungeon.
             The game lasted 00:02:35 (2854 turns).

Laraso the Ruffian (White Draconian Shapeshifter)   Turns: 2854, Time: 00:02:36

Health: 30/52      AC:  6    Str: 16    XL:     7   Next: 56%
Magic:  1/7        EV: 12    Int: 16    God:
Gold:   41         SH:  0    Dex: 13    Spells: 6/6 levels left

rFire   . .          .
                       - Unarmed
rCold   + . .        (no shield)
rNeg    . . .        (body armour unavailable)
rPois   .            (helmet currently unavailable)
rElec   .            (cloak currently unavailable)
rCorr   .            (gloves currently unavailable)
SInv    .            (boots currently unavailable)
Will    .....        (no amulet)
Stlth   +            m - ring of wizardry
HPRegen 0.28/turn    a - +6 ring of intelligence
MPRegen 0.10/turn

%: wizardry (x1)
@: beast-form, invisible (expiring)
A: beast (slay +3), breathe frost, AC +6, unfitting armour, cold resistance 1,
cold-blooded
a: Breathe Frost, Begin Untransformation


You were on level 7 of the Dungeon.
You were a hulking beast.
You visited 1 branch of the dungeon, and saw 5 of its levels.

You collected 41 gold pieces.

Inventory:

Jewellery
 a - a +6 ring of intelligence (right hand)
 m - a ring of wizardry (left hand)
Talismans
 c - a flux talisman
 o - a maw talisman
Scrolls
 d - a scroll of blinking
 f - 4 scrolls of vulnerability
 h - a scroll of fog
 n - a scroll of fear
Potions
 e - 2 potions of ambrosia
 g - a potion of attraction
 i - a potion of invisibility
 k - a potion of heal wounds {unknown}
 l - a potion of curing {unknown}
 p - a potion of berserk rage {unknown}


   Skills:
 - Level 1.1 Fighting
 - Level 1.7 Dodging
 - Level 7.0 Unarmed Combat
 + Level 6.0 Shapeshifting


You had 6 spell levels left.
You didn't know any spells.
Your spell library contained the following spells:

 Spells                   Type           Power      Damage    Failure   Level
 Hailstorm                Conj/Ice       0%         3d5       28%         3
 Summon Ice Beast         Ice/Summ       0%         N/A       28%         3
 Animate Dead             Necr           0%         N/A       65%         4
 Sculpt Simulacrum        Ice/Alch       0%         N/A       100%        6
 Haunt                    Necr/Summ      0%         N/A       100%        7
 Infestation              Necr           0%         N/A       100%        8


Dungeon Overview and Level Annotations

Branches:
Dungeon (4/15)
 Temple: D:4-7

Altars:
Cheibriados
Gozag
Qazlal
Sif Muna
Zin
The Shining One


Innate Abilities, Weirdness & Mutations

You are a hulking beast.
Your limbs bulge with bestial killing power. (Slay +3)
You can breathe waves of freezing cold which knock back foes.
Your icy white scales are hard. (AC +6)
You cannot fit into any form of body armour.
Your flesh is cold resistant. (rC+)
You are cold-blooded and may be slowed by cold attacks.


Message History

Maurice is almost dead.
Maurice says, "Have you got some gold to spare?"
Maurice hits you but does no damage. Maurice bites you.
You feel your power leaking away. Maurice drains your magic.
You completely miss Maurice.
Maurice is almost dead.
Maurice zaps a wand.
The puff of flame hits you.
You hit Maurice. You punch Maurice.
Maurice is almost dead.
Maurice mumbles some strange words.
Maurice blinks!
Maurice zaps a wand.
There is a stone staircase leading down here.
You flicker for a moment.
Maurice hits you with a +0 short sword.
Maurice steals 172 gold pieces!
You now have 41 gold pieces.
Maurice barely misses you.
You punch Maurice!
Maurice is almost dead.
Maurice completely misses you. Maurice barely misses you.
You strike the helpless Maurice from behind!
You hit Maurice. You punch Maurice.
You kill Maurice!
Training target 7.0 for Unarmed Combat reached!
Your Unarmed Combat skill increases to level 7!
Your Shapeshifting skill gained 2 levels and is now at level 6!
You have reached level 7!
Your scales start taking on an icy white colour.
You learn Fire Magic much slower.
You learn Ice Magic much quicker.
You can breathe waves of freezing cold which knock back foes.
You feel resistant to cold.
Unknown command.
WARNING: ABOUT TO ENTER EXPLORE MODE!
In explore mode, death is optional.
Once you set a character to explore mode, you can't switch back.
If you continue, your game will not be scored!
Do you really want to enter explore mode? (Confirm with "yes".)
Okay, then.
Unknown command.
Are you sure you want to abandon this character and quit the game? (Confirm with "yes".)

....####.###
#..........#
#.#.####.#.#
####...####.#.#
....#.#...(#.#
.....#.##.#.#
#..#.#.##.#.#
#..#.#.##.#.###
#.h#.#.##.....#
####.$..#.####.###
......(.>#.####.#
.............##.#
########.#.#.##.#
#.#......#
#.....#### #####.#
#.#


There were no monsters in sight!

Vanquished Creatures
  Maurice (D:7)
  Edmund (D:4)
  A black bear (D:3)
  A scorpion (D:4)
  A jelly (D:3)
  A bombardier beetle (D:3)
  A hound (D:4)
  3 adders
  A dart slug (D:1)
  A ribbon worm (D:2)
  An orc (D:4)
  8 ball pythons
  3 bats
  4 endoplasms
  2 giant cockroaches
  4 goblins
  3 hobgoblins (D:3)
  7 jackals
  4 quokkas
  2 frilled lizards
  A kobold (D:4)
  3 rats
54 creatures vanquished.

Notes
Turn   | Place    | Note
-------+----------+-------------------------------------------
     0 | D:1      | Laraso the Draconian Shapeshifter began the quest for the
                  | Orb.
     0 | D:1      | Reached XP level 1. HP: 16/16 MP: 1/1
   237 | D:1      | Reached XP level 2. HP: 22/23 MP: 2/2
   849 | D:2      | Found an opulent altar of Gozag.
   896 | D:2      | Reached XP level 3. HP: 14/28 MP: 3/3
  1133 | D:2      | Reached skill level 4 in Unarmed Combat
  1558 | D:3      | Found a shimmering blue altar of Sif Muna.
  1683 | D:3      | Reached XP level 4. HP: 35/35 MP: 4/4
  1896 | D:3      | Noticed a black bear
  1906 | D:3      | Killed a black bear
  1907 | D:3      | Reached skill level 5 in Unarmed Combat
  1907 | D:3      | Reached XP level 5. HP: 40/40 MP: 5/5
  2165 | D:4      | Reached XP level 6. HP: 45/47 MP: 6/6
  2250 | D:4      | Found a glowing golden altar of the Shining One.
  2250 | D:4      | Found a glowing silver altar of Zin.
  2254 | D:4      | Found a stormy altar of Qazlal.
  2283 | D:4      | Noticed Edmund
  2297 | D:4      | Killed Edmund
  2298 | D:4      | Reached skill level 6 in Unarmed Combat
  2544 | D:4      | Found a snail-covered altar of Cheibriados.
  2763 | D:4      | You fall into a shaft and drop 3 floors!
  2794 | D:7      | Noticed Maurice
  2843 | D:7      | Maurice stole a beast talisman
  2851 | D:7      | Maurice stole 172 gold
  2853 | D:7      | Killed Maurice
  2854 | D:7      | Reached skill level 7 in Unarmed Combat
  2854 | D:7      | Your scales start taking on an icy white colour.
  2854 | D:7      | Reached XP level 7. HP: 30/52 MP: 1/7
  2854 | D:7      | Gained mutation: Your flesh is cold resistant. (rC+) [White
                  | Draconian growth]
  2854 | D:7      | Quit the game

Illustrated notes

Levels and vault maps discovered:
D:1:      elethiomel_arrival_maze, layout_basic
D:2:      layout_basic, basic_altar, grunt_ministairs_5
D:3:      layout_basic, nicolae_overflow_crystal_walls
D:4:      layout_basic, nicolae_overflow_macrodata_refinement, uniq_edmund
D:7:      layout_basic, serial_shops, nicolae_shop_real_fake_doors,
          monkooky_shop_mail_order, uniq_maurice

Skill      XL: |  1  2  3  4  5  6 |
---------------+-------------------+-----
Unarmed Combat | 4 5 7 |  7.0
Shapeshifting  | 4 6 |  6.0
Fighting       | |  1.1
Dodging        | |  1.7

Action                     |  1- 3 |  4- 6 |  7- 9 || total
---------------------------+-------+-------+-------++-------
  Melee: Unarmed           |    84 |    88 |       ||   172
         Tailslap          |    14 |     8 |       ||    22
         Punch             |     3 |     3 |       ||     6
    Use: Scroll            |     5 |     6 |       ||    11
         Potion            |       |     3 |       ||     3
   Stab: Sleeping          |     1 |       |       ||     1
         Invisible         |       |     2 |       ||     2
 Armour: Skin              |    36 |    62 |       ||    98
  Dodge: Dodged            |    39 |    47 |       ||    86

Table legend: (Time is in decaauts)
 A = Elapsed time spent in this place.
 B = Non-inter-level travel time spent in this place.
 C = Inter-level travel time spent in this place.
 D = Time resting spent in this place.
 E = Time spent auto-exploring this place.
 F = Levels seen in this place.
 G = Mean time per level.
                   A        B        C        D        E       F      G
               +--------+--------+--------+--------+--------+-----+--------+
         Total |   2837 |   2722 |    115 |    433 |   1850 |   5 |  567.4 |
       Dungeon |   2837 |   2722 |    115 |    433 |   1850 |   5 |  567.4 |
               +--------+--------+--------+--------+--------+-----+--------+

Top non-repeatable levels by time:
     D:2: 737 daAuts
     D:1: 736 daAuts
     D:4: 659 daAuts
     D:3: 615 daAuts
     D:7: 88 daAuts
